cohdb
Replays
Latest Replays
All Replays
Popular Replays
Top Player Replays
Match Explorer
How It Works
Community
CoH3 Stats
Reddit
Sign in to upload your games and track your stats! →
Sign in with Steam
Match 42489485
Unlisted
Match 42489485
Overview
Messages
Build Orders
End
Construct Barracks
Riflemen Squad
Riflemen Squad
Selects Heavy Weapons
M1 Mortar Team
Riflemen Squad
Grenade Package
Infantry Support Center
Construct Weapon Support Center
Selects Assault Carriers
Selects M2HB .50cal Heavy Machine Gun
M1919 Machine Gun Team
M3 Assault Carrier
M3 Assault Carrier
Construct Medical Station
Selects Halftrack Strongpoints
Halftrack Strongpoints
Bazooka Squad
M1918 Browning Automatic Rifles
Munitions Surplus
M3 Assault Carrier
Selects Rapid Reposition
Engineer Squad
Selects Black Dragon Artillery Barrage
Black Dragon Artillery Barrage
Bazooka Squad
M3 Assault Carrier
Black Dragon Artillery Barrage
Improved M9 Bazooka Rockets
M3 Assault Carrier
diritar
Relief
킴스
Goonsader
[PBS] Sigizmund
MrGlaucus
.
Final_Ant
0
0
Comments
sign in to comment!
No comments posted yet!